 Dungeon Crawl Stone Soup version 0.32-a0-961-gd60f5e5fc7 (webtiles) character file.

Game seed: 11152919883676813155

125 Maxmaps the Cudgeller (level 5, 0/54 HPs)
             Began as an Oni Monk on Apr 17, 2024.
             Slain by a cerulean imp
             ... wielding a +1 spear
             ... summoned by Natasha
              (4 damage)
             ... on level 2 of the Dungeon.
             The game lasted 00:00:54 (1273 turns).

Maxmaps the Cudgeller (Oni Monk)                    Turns: 1273, Time: 00:00:54

Health: 0/54       AC:  3    Str: 15    XL:     5   Next: 9%
Magic:  5/5        EV:  9    Int: 13    God:
Gold:   40         SH:  0    Dex: 11    Spells: 4/4 levels left

rFire   . . .        a - +0 mace
rCold   . . .        d - orb {light}
rNeg    . . .        b - +0 robe
rPois   .            (helmet restricted)
rElec   .            (no cloak)
rCorr   .            (gloves unavailable)
SInv    .            (boots unavailable)
Will    .....        (no amulet)
Stlth   +            (no ring)
HPRegen 0.29/turn    (no ring)
MPRegen 0.09/turn

%: no passive effects
@: slowed, glowing, very slow
A: large, unfitting armour, horns 1, tough skin 1, double potion healing,
drunken brawling
a: no special abilities


You were on level 2 of the Dungeon.
You visited 1 branch of the dungeon, and saw 2 of its levels.

You collected 40 gold pieces.

Inventory:

Hand Weapons
 a - a +0 mace (weapon)
Armour
 b - a +0 robe (worn)
 d - an orb of light (worn)
Scrolls
 f - a scroll of noise {unknown}
 h - a scroll of immolation {unknown}
Potions
 c - a potion of ambrosia
 e - a potion of curing {unknown}
 g - a potion of cancellation {unknown}


   Skills:
 - Level 4.0 Fighting
 + Level 5.6 Maces & Flails
 - Level 2.6 Dodging


You had 4 spell levels left.
You didn't know any spells.
Your spell library was empty.

Dungeon Overview and Level Annotations

Branches:
Dungeon (2/15)

Altars:

Shops:
D:2 =

Annotations:
D:2 Natasha


Innate Abilities, Weirdness & Mutations

You are too large for most types of armour.
You have a pair of small horns on your head.
You have tough skin. (AC +1)
You gain doubled healing and magic from potions.
Whenever you drink a healing potion, you attack all around you.


Message History

The cerulean imp closely misses you.
The cerulean imp hits you from afar with a +1 spear.
Natasha misses you.
You closely miss Natasha.
Natasha is heavily wounded.
The cerulean imp hits you but does no damage.
Natasha casts a spell.
The cerulean imp hits you from afar with a +1 spear.
The cerulean imp hits you with a +1 spear.
Natasha closely misses you. The cerulean imp closely misses you.
You completely miss Natasha.
Natasha is heavily wounded.
The cerulean imp completely misses you. Natasha barely misses you.
The cerulean imp hits you from afar with a +1 spear.
The cerulean imp hits you with a +1 spear.
Unknown command.
You hit Natasha but do no damage.
Natasha is heavily wounded.
The cerulean imp hits you but does no damage.
Natasha mewls in sadness.
Natasha claws you.
The cerulean imp hits you from afar with a +1 spear.
The cerulean imp closely misses you.
The cerulean imp hits you but does no damage.
Natasha casts a spell at you. The magic dart hits you.
The cerulean imp hits you from afar with a +1 spear.
* * * LOW HITPOINT WARNING * * *
You hit Natasha but do no damage.
Natasha is heavily wounded.
The cerulean imp hits you with a +1 spear.
* * * LOW HITPOINT WARNING * * *
The cerulean imp hits you from afar with a +0 spear.
* * * LOW HITPOINT WARNING * * *
Natasha claws you.
* * * LOW HITPOINT WARNING * * *
The cerulean imp hits you from afar with a +1 spear.
* * * LOW HITPOINT WARNING * * *
The cerulean imp hits you with a +1 spear.
You die...

#..#####
#
#......#
#
#.####.#
## #.#
#.. #.#
....
##.#
#....
##..#
...#.
#5.##
#..##
#@##
#.h†#
#..55..
#....###
#.....
#....#.
#....#.
#....# #


You could see Natasha and 3 cerulean imps.

Vanquished Creatures
  Jessica (D:2)
  Natasha (twice) (D:2)
  2 adders (D:2)
  A dart slug (D:2)
  3 ball pythons (D:1)
  6 bats
  2 endoplasms (D:1)
  2 giant cockroaches (D:1)
  4 goblins
  A quokka (D:1)
  2 frilled lizards (D:1)
  4 rats
30 creatures vanquished.

Notes
Turn   | Place    | Note
-------+----------+-------------------------------------------
     0 | D:1      | Maxmaps the Oni Monk began the quest for the Orb.
     0 | D:1      | Reached XP level 1. HP: 24/24 MP: 1/1
   196 | D:1      | Reached XP level 2. HP: 32/32 MP: 2/2
   691 | D:2      | Noticed Natasha
   697 | D:2      | Killed Natasha
   698 | D:2      | Reached skill level 4 in Maces & Flails
   698 | D:2      | Reached XP level 3. HP: 16/39 MP: 3/3
   824 | D:2      | Noticed Jessica
   831 | D:2      | Killed Jessica
   832 | D:2      | Reached skill level 5 in Maces & Flails
   832 | D:2      | Reached XP level 4. HP: 26/48 MP: 4/4
   901 | D:2      | Noticed Natasha
   909 | D:2      | Killed Natasha
  1147 | D:2      | Found Jatosmu's Jewellery Boutique.
  1232 | D:2      | Reached XP level 5. HP: 50/54 MP: 5/5
  1257 | D:2      | Noticed Natasha
  1273 | D:2      | Slain by a cerulean imp

Illustrated notes

Levels and vault maps discovered:
D:1:      tekkud_arrival_beachfront_property, layout_loops_ring
D:2:      layout_rooms, serial_shops, shop, minmay_misc_feat_four_crosses,
          uniq_jessica, uniq_natasha, uniq_crazy_yiuf_cottage

Skill      XL: |  1  2  3 |
---------------+----------+-----
Maces & Flails | 4 5 |  5.6
Fighting       | |  4.0
Dodging        | |  2.6

Action                     |  1- 3 |  4- 6 || total
---------------------------+-------+-------++-------
  Melee: Mace              |    55 |    32 ||    87
         Headbutt          |    14 |     3 ||    17
 Armour: Robe              |    53 |    41 ||    94
  Dodge: Dodged            |    35 |    24 ||    59

Table legend: (Time is in decaauts)
 A = Elapsed time spent in this place.
 B = Non-inter-level travel time spent in this place.
 C = Inter-level travel time spent in this place.
 D = Time resting spent in this place.
 E = Time spent auto-exploring this place.
 F = Levels seen in this place.
 G = Mean time per level.
                   A        B        C        D        E       F      G
               +--------+--------+--------+--------+--------+-----+--------+
         Total |   1307 |   1285 |     22 |    287 |    789 |   2 |  653.5 |
       Dungeon |   1307 |   1285 |     22 |    287 |    789 |   2 |  653.5 |
               +--------+--------+--------+--------+--------+-----+--------+

Top non-repeatable levels by time:
     D:1: 727 daAuts
     D:2: 579 daAuts
